 Dungeon Crawl Stone Soup version 0.27-a0-890-ged2907cb04 (webtiles) character file.

Game seed: 17376693738015915078

4 P0NYSLAYSTATION the Skirmisher (level 1, 0/18 HPs)
             Began as a Demonspawn Monk on Apr 5, 2021.
             Succumbed to an adder's poison
             ... on level 3 of the Dungeon.
             The game lasted 00:00:41 (48 turns).

P0NYSLAYSTATION the Skirmisher (Demonspawn Monk)      Turns: 48, Time: 00:00:42

Health: 0/18       AC:  2    Str: 11    XL:     1   Next: 50%
Magic:  1/1        EV: 13    Int: 11    God:
Gold:   0          SH:  0    Dex: 15    Spells: 0/0 levels left

rFire    . . .     SeeInvis .   a - +0 spear
rCold    . . .     Faith    .   (no shield)
rNeg     . . .     Spirit   .   b - +0 robe
rPois    .         Reflect  .   (no helmet)
rElec    .         Harm     .   (no cloak)
rCorr    .         Rampage  .   (no gloves)
Will     .....                  (no boots)
Stlth    ++........             (no amulet)
HPRegen  0.06/turn              (no ring)
MPRegen  0.07/turn              (no ring)

@: lethally poisoned (0 -> -6)
A: no striking features
a: no special abilities


You were on level 3 of the Dungeon.
You visited 1 branch of the dungeon, and saw 3 of its levels.

Inventory:

Hand Weapons
 a - a +0 spear (weapon)
Armour
 b - a +0 robe (worn)


   Skills:
 + Level 3.0 Fighting
 + Level 2.7 Polearms
 + Level 2.8 Dodging
 + Level 1.7 Stealth


You couldn't memorise any spells.
You didn't know any spells.
Your spell library was empty.

Dungeon Overview and Level Annotations

Branches:
Dungeon (3/15)

Altars:


Message History

There is a stone staircase leading up here.
A giant cockroach comes into view.
You hit the giant cockroach.
You kill the giant cockroach!
An orc comes into view. It is wielding a +0 whip.
The orc shouts!
An adder comes into view.
Found a stone staircase leading down.
You reach to attack!
You barely miss the orc.
The adder hisses angrily.
You hit the orc.
The orc is lightly wounded.
The orc closely misses you.
You hit the orc.
You kill the orc!
You reach to attack!
You closely miss the adder. You hit the adder but do no damage.
The adder barely misses you.
You closely miss the adder. The adder closely misses you. The adder bites you.
You are poisoned.
The adder poisons you!
You closely miss the adder.
You feel sick. The adder bites you.
You are lethally poisoned!
The adder poisons you!
You are too injured to fight recklessly!
You are too injured to fight recklessly!
You are too injured to fight recklessly!
You aren't carrying any potions.
You miss the adder.
You feel very sick. The adder closely misses you.
You closely miss the adder.
* * * LOW HITPOINT WARNING * * *
You feel sick. The adder closely misses you. x2
You hit the adder.
The adder is moderately wounded.
* * * LOW HITPOINT WARNING * * *
You feel sick. The adder closely misses you.
You hit the adder.
The adder is heavily wounded.
You die...

# #######.#
###.....#.#
#.........#
##...>....#
#......S).+
#......@..#
..####...##
#....#.# . #.#.##.#
. #.#.# .#
.###########.#.##.#
.......#.....#....#
.......#.#......###
.......#.#......#


You could see an adder.

Vanquished Creatures
  An orc (D:3)
  A giant cockroach (D:3)
  A rat (D:2)
3 creatures vanquished.

Vanquished Creatures (others)
  4 plants (D:3)
4 creatures vanquished.

Grand Total: 7 creatures vanquished

Notes
Turn   | Place    | Note
-------+----------+-------------------------------------------
     0 | D:1      | P0NYSLAYSTATION the Demonspawn Monk began the quest for the
                  | Orb.
     0 | D:1      | Reached XP level 1. HP: 18/18 MP: 1/1
    48 | D:3      | Succumbed to an adder's poison

Illustrated notes

Levels and vault maps discovered:
D:1:      amcnicky_arrival_choice, layout_basic
D:2:      layout_basic, uniq_crazy_yiuf_cottage
D:3:      layout_basic, serial_bayou_lagoon_a,
          hangedman_abyss_or_decor_lesser_grid, grunt_ministairs_8,
          hangedman_decor_lopped

Action                   || total
-------------------------++-------
Melee: Spear             ||    14
Dodge: Dodged            ||     7

Table legend: (Time is in decaauts)
 A = Elapsed time spent in this place.
 B = Non-inter-level travel time spent in this place.
 C = Inter-level travel time spent in this place.
 D = Time resting spent in this place.
 E = Time spent auto-exploring this place.
 F = Levels seen in this place.
 G = Mean time per level.
                   A        B        C        D        E       F      G
               +--------+--------+--------+--------+--------+-----+--------+
         Total |     47 |     42 |      5 |      0 |     17 |   3 |   15.7 |
       Dungeon |     47 |     42 |      5 |      0 |     17 |   3 |   15.7 |
               +--------+--------+--------+--------+--------+-----+--------+

Top non-repeatable levels by time:
     D:3: 34 daAuts
     D:2: 6 daAuts
     D:1: 6 daAuts
